 Dungeon Crawl Stone Soup version 0.20-a0-1089-g3fde505 (webtiles) character file.

230 theAP the Cudgeler (level 6, 0/40 HPs)
             Began as a Gargoyle Fighter on May 3, 2017.
             Was an Initiate of Okawaru.
             Slain by Paps's ghost (6 damage)
             ... on level 4 of the Dungeon.
             The game lasted 00:03:57 (2434 turns).

theAP the Cudgeler (Gargoyle Fighter)               Turns: 2434, Time: 00:03:59

Health: 0/40       AC: 13    Str: 21    XL:     6   Next: 3%
Magic:  6/6        EV:  7    Int:  9    God:    Okawaru [......]
Gold:   89         SH:  9    Dex:  9    Spells: 5/5 levels left

rFire    . . .     SeeInvis .   a - +0 flail
rCold    . . .     Gourm    .   c - +0 shield
rNeg     + . .     Faith    .   b - +0 scale mail
rPois    ∞         Spirit   .   g - +0 helmet
rElec    +         Reflect  .   n - +0 cloak
rCorr    .         Harm     +   (no gloves)
MR       .....                  (no boots)
Stlth    ..........             s - amulet of harm
Regen    0.2/turn               (no ring)
MPRegen  0.1/turn               (no ring)

@: no status effects
A: negative energy resistance 1, electricity resistance, unbreathing,
petrification resistance, rot immunity, AC +4
a: Renounce Religion


You were on level 4 of the Dungeon.
You worshipped Okawaru.
Okawaru was noncommittal.
You were hungry.

You visited 1 branch of the dungeon, and saw 4 of its levels.

You collected 89 gold pieces.

Inventory:

Hand Weapons
 a - a +0 flail (weapon)
Armour
 b - a +0 scale mail (worn)
 c - a +0 shield (worn)
 g - a +0 helmet (worn)
 n - a +0 cloak (worn)
Jewellery
 s - an amulet of harm (around neck)
 v - an uncursed amulet of inaccuracy
 x - an uncursed ring of see invisible {unknown}
Scrolls
 e - 4 scrolls of identify
 h - 2 scrolls of immolation
 i - 2 scrolls of teleportation
 k - a scroll of blinking {unknown}
 l - 5 scrolls of remove curse
 o - a scroll of amnesia
 u - a scroll of enchant armour {unknown}
 y - a scroll of recharging {unknown}
 z - a scroll of fear {unknown}
Potions
 d - a potion of might
 j - a potion of ambrosia
 m - 2 potions of curing
 p - a potion of magic
 t - a potion of heal wounds {unknown}
Comestibles
 f - 4 bread rations
 q - 2 royal jellies
 r - 2 fruits
 w - 2 meat rations


   Skills:
 + Level 4.8 Fighting
 * Level 5.1 Maces & Flails
 - Level 3.2 Armour
 - Level 3.2 Shields


You had 5 spell levels left.
You didn't know any spells.

Dungeon Overview and Level Annotations

Branches:
Dungeon (4/15)
 Temple: D:4-7

Altars:
Ashenzari
Cheibriados
Dithmenos
Gozag
Makhleb
Okawaru
Wu Jian
Yredelemnul
Zin

Shops:
D:2 *

Annotations:
D:4 Paps's ghost, amateur GrFi


Innate Abilities, Weirdness & Mutations

You are resistant to torment.
Your stone body is resilient. (AC +4)
You are immune to poison.
You resist negative energy. (rN+)
You are resistant to electric shocks. (rElec)
You can survive without breathing.
You are immune to petrification.
You are immune to rotting.


Message History

Paps's ghost is severely damaged.
You block Paps's ghost's attack.
Paps's ghost hits you but does no damage.
Your shield and scale mail prevent you from hitting Paps's ghost.
Paps's ghost is severely damaged.
You block Paps's ghost's attack.
You feel better.
Paps's ghost hits you but does no damage.
You hit Paps's ghost.
Paps's ghost is severely damaged.
Paps's ghost hits you but does no damage.
You hit Paps's ghost.
Paps's ghost is severely damaged.
Paps's ghost hits you!
* * * LOW HITPOINT WARNING * * *
You hit Paps's ghost.
Paps's ghost is severely damaged.
You are feeling hungry.
Paps's ghost completely misses you. Paps's ghost hits you.
You die...

.. #........ #.##
#........ ..# #........
#.# #........ #.#
#........ #.## #........
#..# #........ ##.# #W#
##########†#####@######
........>...............
###########.####........
#..# #####.### ##.# ..
.# ## .. .#. ...


You could see Paps's ghost.

Vanquished Creatures
  An ice beast (D:3)
  A worker ant (D:4)
  5 adders
  An ooze (D:1)
  A worm (D:2)
  A dart slug (D:4)
  A leopard gecko (D:2)
  3 orcs (D:3)
  8 bats
  3 giant cockroaches
  4 goblins
  7 hobgoblins
  4 jackals (D:3)
  2 quokkas (D:4)
  A ball python (D:2)
  7 frilled lizards
  4 kobolds
  7 rats
61 creatures vanquished.

Notes
Turn   | Place    | Note
-------+----------+-------------------------------------------
     0 | D:1      | theAP the Gargoyle Fighter began the quest for the Orb.
     0 | D:1      | Reached XP level 1. HP: 14/14 MP: 1/1
   185 | D:1      | Reached XP level 2. HP: 19/19 MP: 2/2
   440 | D:1      | Reached skill level 3 in Maces & Flails
   440 | D:1      | Reached XP level 3. HP: 24/24 MP: 3/3
   773 | D:2      | Found an opulent altar of Gozag.
   775 | D:2      | Found Gozag's Platinum Reserve.
  1135 | D:2      | Reached XP level 4. HP: 18/29 MP: 4/4
  1373 | D:3      | Found an ornate altar of the Wu Jian Council.
  1474 | D:3      | Found a shattered altar of Ashenzari.
  1705 | D:3      | Noticed an ice beast
  1707 | D:3      | Found a burning altar of Makhleb.
  1722 | D:3      | Killed an ice beast
  1722 | D:3      | Reached skill level 4 in Maces & Flails
  1722 | D:3      | Reached XP level 5. HP: 6/34 MP: 5/5
  1980 | D:3      | Found an iron altar of Okawaru.
  1980 | D:3      | Found a glowing silver altar of Zin.
  1989 | D:3      | Became a worshipper of Warmaster Okawaru
  1992 | D:3      | Found a basalt altar of Yredelemnul.
  1996 | D:3      | Found a snail-covered altar of Cheibriados.
  2085 | D:3      | Found a shadowy altar of Dithmenos.
  2399 | D:4      | Noticed Paps's ghost (amateur GrFi)
  2399 | D:4      | Reached skill level 5 in Maces & Flails
  2416 | D:4      | Reached XP level 6. HP: 24/40 MP: 6/6
  2434 | D:4      | Slain by Paps's ghost

Vault maps used:
D:1:      minmay_arrival_cross, wad_floor_pattern_untrapped
D:2:      nicolae_gozag_zags_fifth_avenue, minmay_lizard_pond
D:3:      lemuel_crystal_altar, grunt_dithmenos_smoke, evilmike_ruin_ashenzari,
          minmay_overflow_temple_star_hex, first_bread

Skill      XL: |  1  2  3  4  5 |
---------------+----------------+-----
Maces & Flails | 3 4 5 |  5.1
Fighting       | 4 |  4.8
Armour         | |  3.2
Shields        | |  3.2

Action                   |  1- 3 |  4- 6 || total
-------------------------+-------+-------++-------
Melee: Flail             |   169 |   112 ||   281
  Use: Scroll            |       |     9 ||     9
       Potion            |       |     3 ||     3
  Eat: Chunk             |     1 |     4 ||     5
Armor: Scale mail        |   137 |    73 ||   210
Dodge: Dodged            |    79 |    46 ||   125
Block: Shield            |   108 |    45 ||   153
